 Dungeon Crawl Stone Soup version 0.29.1-14-g9c671dbff4 (webtiles) character file.

Game seed: 11670333898469719015

173 KittyFluff the Trooper (level 5, -4/33 HPs)
             Began as a Gargoyle Berserker on Feb 15, 2023.
             Was a Believer of Trog.
             Slain by a black bear (6 damage)
             ... on level 4 of the Dungeon.
             The game lasted 00:12:58 (3149 turns).

KittyFluff the Trooper (Gargoyle Berserker)         Turns: 3149, Time: 00:12:59

Health: -4/33      AC: 10    Str: 21    XL:     5   Next: 53%
Magic:  5/5        EV: 12    Int:  7    God:    Trog [**....]
Gold:   98         SH:  0    Dex: 11    Spells: 4/4 levels left

rFire   + . .      SeeInvis .   a - +0 mace
rCold   . . .      Faith    .   (no shield)
rNeg    + . .      Spirit   .   z - +2 leather armour {rF+}
rPois   ∞          Reflect  .   (no helmet)
rElec   +          Harm     .   (no cloak)
rCorr   .          Rampage  .   (no gloves)
Will    .....                   u - +0 pair of boots
Stlth   +.........              (no amulet)
HPRegen 0.11/turn               (no ring)
MPRegen 0.09/turn               (no ring)

@: no status effects
A: sickness immunity, AC +4, negative energy resistance 1, electricity
resistance, torment resistance 1, petrification resistance
a: Renounce Religion, Berserk, Trog's Hand


You were on level 4 of the Dungeon.
You worshipped Trog.
Trog was pleased with you.
You visited 1 branch of the dungeon, and saw 4 of its levels.

You collected 98 gold pieces.

Inventory:

Hand Weapons
 a - a +0 mace (weapon)
 r - the +4 sling "Laxuip" {flame, Will+ Str+2 Dex+5}
   (You found it on level 2 of the Dungeon)

   Any ammunition fired from it burns those it strikes, dealing additional fire
   damage.
   Str:       It affects your strength (+2).
   Dex:       It affects your dexterity (+5).
   Will:      It increases your willpower.
Missiles
 g - 19 stones (quivered)
Armour
 u - a +0 pair of boots (worn)
 z - a +2 leather armour of fire resistance (worn)
Jewellery
 m - an amulet of faith
 w - an amulet of magic regeneration
Wands
 l - a wand of polymorph (4)
Scrolls
 c - 2 scrolls of noise {unknown}
 f - a scroll of teleportation {unknown}
 j - a scroll of immolation {unknown}
 k - a scroll of summoning {unknown}
 n - a scroll of blinking {unknown}
 o - a scroll of amnesia {unknown}
 p - 2 scrolls of vulnerability {unknown}
 q - a scroll of fog {unknown}
 s - a scroll of brand weapon {unknown}
 t - a scroll of magic mapping {unknown}
 v - a scroll of enchant armour {unknown}
 y - a scroll of torment {unknown}
Potions
 d - 2 potions of curing
 h - a potion of heal wounds
 i - 4 potions of flight {unknown}
 x - a potion of resistance {unknown}


   Skills:
 + Level 4.2 Fighting
 + Level 4.0 Maces & Flails
 + Level 0.8 Ranged Weapons
 * Level 3.6 Armour
 + Level 2.0 Dodging
 + Level 1.2 Stealth
 + Level 0.1 Unarmed Combat


You had 4 spell levels left.
You didn't know any spells.
Your spell library was empty.

Dungeon Overview and Level Annotations

Branches:
Dungeon (4/15)
 Temple: D:4-7

Altars:
Cheibriados
Dithmenos


Innate Abilities, Weirdness & Mutations

You are immune to sickness and miasma.
Your stone body is resilient. (AC +4)
You are immune to poison.
You resist negative energy. (rN+)
You are resistant to electric shocks. (rElec)
You are resistant to unholy torment.
You are immune to petrification.


Message History

The black bear is heavily wounded.
The black bear closely misses you. The black bear claws you.
The black bear misses you.
You barely miss the black bear.
The black bear is heavily wounded.
The black bear bites you but does no damage.
The black bear claws you but does no damage. x2
You hit the black bear.
The black bear is severely wounded.
The black bear misses you.
The black bear claws you but does no damage. x2
You hit the black bear. Your punch misses the black bear.
The black bear is severely wounded.
The black bear goes berserk!
The black bear barely misses you. The black bear claws you.
The black bear claws you but does no damage.
You hit the black bear but do no damage.
The black bear is severely wounded.
The black bear bites you. The black bear closely misses you.
The black bear claws you but does no damage.
You hit the black bear.
The black bear is almost dead.
The black bear bites you but does no damage.
The black bear claws you but does no damage. x2
The black bear barely misses you. The black bear claws you.
The black bear misses you.
You hit the black bear.
The black bear is almost dead.
The black bear closely misses you. The black bear claws you.
The black bear misses you. The black bear bites you.
* * * LOW HITPOINT WARNING * * *
The black bear closely misses you.
The black bear claws you but does no damage.
You hit the black bear.
The black bear is almost dead.
The black bear bites you!
* * * LOW HITPOINT WARNING * * *
The black bear completely misses you. The black bear barely misses you.
The black bear bites you.
You die...

### #.. ##
#.. . # ..
.#
#.##.##.##
#....h...#
#....@...#
#...#.###.#
#. ...
...#.
##.#.. ..(
.. ### #).
##.


You could see a black bear (berserk).

Vanquished Creatures
  Natasha (thrice) (D:2)
  2 adders
  A worm (D:2)
  2 dart slugs (D:1)
  5 orcs (D:3)
  11 ball pythons
  3 bats
  5 endoplasms
  2 giant cockroaches
  6 goblins
  2 hobgoblins
  4 jackals (D:2)
  7 kobolds
  2 quokkas (D:1)
  3 frilled lizards
  8 rats
66 creatures vanquished.

Notes
Turn   | Place    | Note
-------+----------+-------------------------------------------
     0 | D:1      | KittyFluff the Gargoyle Berserker began the quest for the
                  | Orb.
     0 | D:1      | Reached XP level 1. HP: 14/14 MP: 1/1
    95 | D:1      | Found a faded altar of an unknown god.
   294 | D:1      | Reached XP level 2. HP: 17/19 MP: 2/2
   696 | D:1      | Reached XP level 3. HP: 5/24 MP: 3/3
  1357 | D:2      | Noticed Natasha
  1361 | D:2      | Reached skill level 1 in Stealth
  1373 | D:2      | Killed Natasha
  1374 | D:2      | Reached XP level 4. HP: 14/29 MP: 4/4
  1467 | D:2      | Noticed Natasha
  1478 | D:2      | Killed Natasha
  1959 | D:2      | Identified the +4 sling "Laxuip" {flame, Will+ Str+2 Dex+5}
  1965 | D:2      | Noticed Natasha
  1967 | D:2      | Reached ** piety under Trog
  1981 | D:2      | Killed Natasha
  1982 | D:2      | Reached XP level 5. HP: 10/33 MP: 5/5
  3077 | D:3      | Found a snail-covered altar of Cheibriados.
  3116 | D:3      | Found a shadowy altar of Dithmenos.
  3140 | D:4      | Noticed a black bear
  3149 | D:4      | Slain by a black bear

Illustrated notes

Levels and vault maps discovered:
D:1:      dpeg_arrival_lava_temple_mockup, layout_loops_cross,
          hellmonk_ecumenical_altar_crossroads
D:2:      layout_basic, minmay_pentomino_r4, uniq_natasha
D:3:      layout_basic, nicolae_overflow_squiral
D:4:      layout_loops_corners, grunt_temple_overflow_forces_of_nature,
          serial_shops, shop

Skill      XL: |  1  2  3  4  5 |
---------------+----------------+-----
Fighting       | 4 |  4.2
Stealth        | 1 |  1.2
Armour         | 3 |  3.6
Maces & Flails | 4 |  4.0
Dodging        | 2 |  2.0
Ranged Weapons | |  0.8
Unarmed Combat | |  0.1

Action                   |  1- 3 |  4- 6 || total
-------------------------+-------+-------++-------
Melee: Mace              |    85 |    73 ||   158
       Unarmed           |       |     8 ||     8
       Punch             |       |     1 ||     1
 Fire: Sling             |       |    38 ||    38
Throw: Stone             |       |     5 ||     5
Invok: Berserk           |     1 |     1 ||     2
  Use: Scroll            |     2 |       ||     2
 Stab: Sleeping          |       |     1 ||     1
Armor: Leather armour    |    47 |    51 ||    98
       Animal skin       |     1 |       ||     1
Dodge: Dodged            |    56 |    77 ||   133
